 Dungeon Crawl Stone Soup version 0.31-a0-846-gb3bcc0d938 (webtiles) character file.

Game seed: 364755896560419889

517 LeprechaunX the Changeling (level 7, 0/46 HPs)
             Began as an Octopode Shapeshifter on Oct 3, 2023.
             Slain by an orc
             ... wielding a +0 hand axe
              (5 damage)
             ... on level 4 of the Dungeon.
             The game lasted 00:05:08 (3354 turns).

LeprechaunX the Changeling (Octopode Shapeshifter)  Turns: 3354, Time: 00:05:08

Health: 0/46       AC:  1    Str: 15    XL:     7   Next: 20%
Magic:  7/7        EV: 14    Int: 13    God:
Gold:   159        SH:  0    Dex: 11    Spells: 4/6 levels left

rFire   . .          .
                       - Unarmed
rCold   . . .        (no shield)
rNeg    . . .        (helmet currently unavailable)
rPois   .            (no amulet)
rElec   .            (no ring)
rCorr   .            (no ring)
SInv    .            (no ring)
Will    .....        (no ring)
Stlth   ++           (no ring)
HPRegen 0.27/turn    (no ring)
MPRegen 0.10/turn    (no ring)
                     (no ring)

%: no passive effects
@: lethally poisoned (0 -> -22), beast-form
A: beast (slay +2), almost no armour, amphibious, 8 rings, camouflage 1,
gelatinous body 1, (nimble swimmer 1), tentacles
a: Begin Untransformation


You were on level 4 of the Dungeon.
You were a hulking beast.
You visited 1 branch of the dungeon, and saw 4 of its levels.
You also visited: Sewer.

You collected 159 gold pieces.

Inventory:

Hand Weapons
 a - a +0 sling
Talismans
 b - a beast talisman (active)
 c - a flux talisman
 x - a serpent talisman
Scrolls
 d - a scroll of noise {unknown}
 e - a scroll of enchant armour {unknown}
 g - a scroll of brand weapon {unknown}
 h - 7 scrolls of identify {unknown}
 j - a scroll of vulnerability {unknown}
 k - 2 scrolls of poison {unknown}
 n - a scroll of torment {unknown}
 o - 2 scrolls of enchant weapon {unknown}
 q - a scroll of fear {unknown}
 t - 2 scrolls of fog {unknown}
 v - a scroll of amnesia {unknown}
Potions
 f - a potion of resistance {unknown}
 i - a potion of heal wounds
 l - 2 potions of lignification
 m - 3 potions of cancellation {unknown}
 p - a potion of invisibility {unknown}
 r - a potion of curing {unknown}
 s - a potion of haste {unknown}
 u - a potion of enlightenment {unknown}
 w - a potion of mutation {unknown}


   Skills:
 + Level 3.2 Fighting
 + Level 3.8 Dodging
 + Level 4.4 Unarmed Combat
 * Level 5.2 Shapeshifting


You had 4 spell levels left.
You knew the following spells:

 Your Spells              Type           Power      Damage    Failure   Level
a - Blink                 Tloc           0%         N/A       43%         2

Your spell library contained the following spells:

 Spells                   Type           Power      Damage    Failure   Level
 Shock                    Conj/Air       0%         1d3       30%         1
 Swiftness                Air            0%         N/A       67%         3
 Airstrike                Air            0%         2d(0-16)  97%         4
 Manifold Assault         Tloc           0%         N/A       97%         4


Dungeon Overview and Level Annotations

Branches:
Dungeon (4/15)              Sewer (visited)
 Temple: D:4-7

Altars:
Zin

Shops:
D:1 (


Innate Abilities, Weirdness & Mutations

You are a hulking beast.
Your limbs bulge with bestial killing power. (Slay +2)
You cannot wear most types of armour.
You are amphibious.
You can wear up to eight rings at the same time.
Your skin changes colour to match your surroundings (Stealth+).
Your rubbery body absorbs attacks. (AC +1, EV +1)
((You are camouflaged when in or above water. (Stealth+)))
You have tentacles for arms and can constrict up to eight enemies at once.


Message History

The goblin shouts!
You tentacle-slap the orc wizard.
The orc wizard is heavily wounded.
You constrict the orc wizard.
You feel sick. The orc misses you. The orc wizard barely misses you.
Unknown command.
You tentacle-slap the orc wizard.
The orc wizard is severely wounded.
You constrict the orc wizard.
You feel sick.
The orc wizard hits you with a +0 dagger.
Unknown command.
You barely miss the orc. Your grab misses the orc.
You constrict the orc wizard.
You feel sick.
The orc hits you with a +2 dagger of venom.
* * * LOW HITPOINT WARNING * * *
You are lethally poisoned!
The orc barely misses you. The orc wizard barely misses you.
Unknown command.
It was a potion of heal wounds.
You feel much better.
You constrict the orc wizard.
You feel very sick.
The orc hits you with a +2 dagger of venom.
You are more poisoned.
The orc wizard gestures at you while chanting.
The magic dart hits you. The orc hits you with a +0 hand axe.
You bludgeon the orc wizard!
You kill the orc wizard!
You feel very sick. The orc closely misses you.
The orc hits you with a +0 hand axe.
* * * LOW HITPOINT WARNING * * *
Unknown command.
You tentacle-slap the orc. Your grab misses the orc.
The orc is heavily wounded.
* * * LOW HITPOINT WARNING * * *
You feel very sick.
The orc hits you with a +2 dagger of venom.
* * * LOW HITPOINT WARNING * * *
You are more poisoned.
The orc hits you with a +0 hand axe.
You die...

.... ...# ####
...# ... ...####
#.####.......
###............
#......o.......
#..<.ho......
#.....####g..####
#.#.# ....... ..
...#### # ...#
#.## .# .#


You could see 2 orcs and a goblin.

Vanquished Creatures
  3 kobold brigands (Sewer)
  A jelly (D:3)
  Natasha (thrice) (D:3)
  2 orc wizards (D:4)
  A river rat (Sewer)
  5 adders
  4 worms
  3 dart slugs
  An orc (D:3)
  9 ball pythons
  5 bats
  9 endoplasms
  4 giant cockroaches
  7 goblins
  5 hobgoblins
  A jackal (D:3)
  2 quokkas
  3 frilled lizards (D:1)
  19 kobolds
  7 rats
94 creatures vanquished.

Notes
Turn   | Place    | Note
-------+----------+-------------------------------------------
     0 | D:1      | LeprechaunX the Octopode Shapeshifter began the quest for
                  | the Orb.
     0 | D:1      | Reached XP level 1. HP: 13/13 MP: 1/1
   143 | D:1      | Reached XP level 2. HP: 18/18 MP: 2/2
   145 | D:1      | Found a faded altar of an unknown god.
   309 | D:1      | Reached XP level 3. HP: 19/23 MP: 3/3
   467 | D:1      | Found Baosmeq's Antique Weapon Boutique.
   583 | D:1      | HP: 1/23 [kobold/+0 dagger (1)]
  1554 | D:2      | Reached XP level 4. HP: 25/29 MP: 4/4
  1827 | D:2      | Learned a level 2 spell: Blink
  1917 | D:2      | Found a glowing silver altar of Zin.
  2332 | D:3      | Noticed Natasha
  2341 | D:3      | Killed Natasha
  2342 | D:3      | Reached skill level 4 in Shapeshifting
  2342 | D:3      | Reached XP level 5. HP: 17/34 MP: 5/5
  2355 | D:3      | Found a glowing drain.
  2375 | Sewer    | Entered a sewer
  2730 | Sewer    | Noticed a kobold brigand
  2731 | Sewer    | Noticed a kobold brigand
  2740 | Sewer    | Killed a kobold brigand
  2741 | Sewer    | Reached XP level 6. HP: 35/41 MP: 6/6
  3189 | D:3      | Noticed Natasha
  3195 | D:3      | Killed Natasha
  3196 | D:3      | Reached skill level 5 in Shapeshifting
  3196 | D:3      | Reached XP level 7. HP: 36/46 MP: 7/7
  3207 | D:3      | Noticed Natasha
  3211 | D:3      | Killed Natasha
  3354 | D:4      | Slain by an orc

Illustrated notes

Levels and vault maps discovered:
D:1:      erik_arrival_cave_to_civilisation [erik_arrival_cave_to_hall],
          layout_basic, nicolae_ecumenical_lake_church, serial_shops,
          nicolae_diamond_shop, minmay_bisected
D:2:      layout_loops_corners, basic_altar
D:3:      layout_rooms, portal_sewer_entry_a, minmay_joined_circles,
          uniq_natasha
D:4:      layout_loops_cross, nicolae_the_louvre

Skill      XL: |  1  2  3  4  5  6 |
---------------+-------------------+-----
Fighting       | 2 3 |  3.2
Shapeshifting  | 4 5 |  5.2
Dodging        | 3 |  3.8
Unarmed Combat | 4 |  4.4

Action                     |  1- 3 |  4- 6 |  7- 9 || total
---------------------------+-------+-------+-------++-------
  Melee: Unarmed           |    81 |    96 |    10 ||   187
         Tentacles         |    14 |    18 |     3 ||    35
         Constrict         |    15 |    25 |     3 ||    43
         Punch             |       |    12 |       ||    12
   Fire: Sling             |       |    38 |       ||    38
    Use: Potion            |       |       |     1 ||     1
   Stab: Sleeping          |     7 |     3 |       ||    10
 Armour: Skin              |    31 |    31 |    12 ||    74
  Dodge: Dodged            |    51 |    65 |    10 ||   126

Table legend: (Time is in decaauts)
 A = Elapsed time spent in this place.
 B = Non-inter-level travel time spent in this place.
 C = Inter-level travel time spent in this place.
 D = Time resting spent in this place.
 E = Time spent auto-exploring this place.
 F = Levels seen in this place.
 G = Mean time per level.
                   A        B        C        D        E       F      G
               +--------+--------+--------+--------+--------+-----+--------+
         Total |   3354 |   3149 |    205 |    361 |   2059 |   5 |  670.8 |
       Dungeon |   2755 |   2550 |    205 |    191 |   1799 |   4 |  688.8 |
         Sewer |    598 |    598 |      0 |    170 |    260 |   1 |  598.0 |
               +--------+--------+--------+--------+--------+-----+--------+

Top non-repeatable levels by time:
     D:1: 1304 daAuts
     D:2: 835 daAuts
     D:3: 605 daAuts
   Sewer: 598 daAuts
     D:4: 11 daAuts
